 Dungeon Crawl Stone Soup version 0.21.0-37-g46506fa (webtiles) character file.

44 tidbits the Digger (level 3, 3/25 HPs)
             Began as a Gnoll Earth Elementalist on Feb 1, 2018.
             Quit the game on level 2 of the Dungeon.
             The game lasted 00:03:33 (282 turns).

tidbits the Digger (Gnoll Earth Elementalist)        Turns: 282, Time: 00:03:35

Health: 3/25       AC:  2    Str: 10    XL:     3   Next: 62%
Magic:  3/3        EV: 14    Int: 18    God:
Gold:   26         SH:  0    Dex: 15    Spells: 9/12 levels left

rFire    . . .     SeeInvis .   h - +2 hand axe (antimagic)
rCold    . . .     Gourm    .   (no shield)
rNeg     . . .     Faith    .   c - +0 robe
rPois    .         Spirit   .   (no helmet)
rElec    .         Reflect  .   (no cloak)
rCorr    .         Harm     .   (no gloves)
MR       .....                  (no boots)
Stlth    +++.......             (no amulet)
HPRegen  0.08/turn              (no ring)
MPRegen  0.08/turn              (no ring)

@: flying
A: distributed training, fangs 1, strong nose
a: no special abilities


You were on level 2 of the Dungeon.
You were not hungry.

You visited 1 branch of the dungeon, and saw 2 of its levels.

You collected 26 gold pieces.

Inventory:

Hand Weapons
 a - a +0 dagger
 h - a +2 antimagic hand axe (weapon)
   (You found it on level 2 of the Dungeon)
Missiles
 b - 13 stones (quivered)
Armour
 c - a +0 robe (worn)
Books
 e - a book of Geomancy

   Spells                             Type                      Level
   a - Sandblast                      Earth                        1
   b - Passwall                       Transmutation/Earth          2
   c - Stone Arrow                    Conjuration/Earth            3
   d - Petrify                        Transmutation/Earth          4
   e - Lee's Rapid Deconstruction     Earth                        5
Comestibles
 d - 2 rations


   Skills:
 + Level 0.8 Fighting
 + Level 0.8 Short Blades
 + Level 0.8 Long Blades
 + Level 0.8 Axes
 + Level 0.8 Maces & Flails
 + Level 0.8 Polearms
 + Level 0.8 Staves
 + Level 0.8 Slings
 + Level 0.8 Bows
 + Level 0.8 Crossbows
 + Level 0.8 Throwing
 + Level 0.8 Armour
 + Level 4.5 Dodging
 + Level 4.1 Stealth
 + Level 0.8 Shields
 + Level 0.8 Unarmed Combat
 + Level 5.0 Spellcasting
 + Level 0.5 Conjurations
 + Level 0.5 Hexes
 + Level 0.5 Charms
 + Level 0.5 Summonings
 + Level 0.5 Necromancy
 + Level 0.5 Translocations
 + Level 2.1 Transmutations
 + Level 0.5 Fire Magic
 + Level 0.5 Ice Magic
 + Level 0.5 Air Magic
 + Level 5.4 Earth Magic
 + Level 0.5 Poison Magic
 + Level 1.0 Invocations
 + Level 0.8 Evocations


You had 9 spell levels left.
You knew the following spells:

 Your Spells              Type           Power        Failure   Level  Hunger
a - Sandblast             Erth           ###...       1%          1    None
p - Passwall              Tmut/Erth      ###.......   4%          2    #......


Dungeon Overview and Level Annotations

Branches:
Dungeon (2/15)

Altars:


Innate Abilities, Weirdness & Mutations

Your experience applies equally to all skills.
You have very sharp teeth.
Your uncanny sense of smell can sniff out nearby items.


Message History

Unknown command.
You closely miss Robin. You hit Robin.
Robin is lightly wounded.
Robin hits you but does no damage. The goblin barely misses you.
You hit Robin.
Robin is moderately wounded.
You hit the goblin.
You kill the goblin!
Robin barely misses you. Robin hits you but does no damage.
You barely miss Robin.
Robin is moderately wounded.
Robin misses you.
You hit Robin.
Robin is heavily wounded.
Robin hits you with a dagger. The goblin misses you.
You barely miss Robin.
Robin is heavily wounded.
You hit the goblin.
You kill the goblin!
Your Spellcasting skill increases to level 5!
Robin hits you but does no damage.
You closely miss Robin.
Robin is heavily wounded.
The goblin shouts!
Robin barely misses you. Robin hits you with a dagger.
You hit Robin but do no damage.
Robin is heavily wounded.
Robin roars a battlecry!
The goblin goes into a battle-frenzy!
You slash Robin!
Robin is almost dead.
Robin closely misses you.
You hit Robin.
You kill Robin!
You barely miss the goblin. The goblin misses you.
A goblin comes into view. It is wielding a club.
You barely miss the goblin. The goblin barely misses you.
You closely miss the goblin.
The goblin shouts!
Your bite misses the goblin. The goblin misses you.
The goblin hits you with an enchanted dagger.
You barely miss the goblin. The goblin closely misses you.
You closely miss the goblin. The goblin closely misses you.
You hit the goblin.
You kill the goblin!
Your Invocations skill increases to level 1!
You hit the goblin. Your bite misses the goblin.
The goblin is severely wounded.
The goblin hits you with a club.
A goblin opens the door.
A worm and a goblin come into view.
You barely miss the goblin.
The goblin is severely wounded.
The goblin hits you but does no damage. The goblin hits you with a club.
The goblin shouts!
Unknown command.
The goblin shouts!
You barely miss the goblin. The goblin closely misses you.
You hit the goblin.
The goblin is heavily wounded.
The goblin hits you but does no damage.
You hit the goblin. You bite the goblin, but do no damage.
The goblin is severely wounded.
The goblin misses you.
You hit the goblin.
You kill the goblin!
The goblin hits you but does no damage.
You hit the goblin.
You kill the goblin!
The goblin hits you but does no damage.
You slash the goblin!
You kill the goblin!
You hit the goblin.
The goblin is moderately wounded.
The goblin hits you but does no damage.
You closely miss the goblin.
The goblin is moderately wounded.
The goblin barely misses you.
You hit the goblin.
You kill the goblin!
You hit the worm.
The worm is moderately wounded.
You barely miss the worm.
The worm is moderately wounded.
The worm closely misses you.
You hit the worm.
The worm is heavily wounded.
The worm bites you!
* * * LOW HITPOINT WARNING * * *
You completely miss the worm.
The worm is heavily wounded.
The worm bites you.
* * * LOW HITPOINT WARNING * * *
You aren't carrying any potions.
Unknown command.
As you read the scroll labeled XOOKHIR RAVVEBLE, it crumbles to dust.
You feel strangely unstable.
It was a scroll of teleportation.
Unknown command.
Your surroundings suddenly seem different.
Are you sure you want to abandon this character and quit the game? (Confirm with "yes".)

##.##.# #........# #.... #
#.....<..# #†.######.#
#........######## .#<........#
#........##.....#
........#######........##.###.#
................†.........# #.#
########.#####.........######.#
......................'>)w...#
########.####..@......#)######
#.# #.........#> #.#
#.#......##. #.. #.#.#######.
##.# #)#.# #. #..##.#.# #.
#....#.# #. ##### #..###.#
#.... ##.. .#


There were no monsters in sight!

Vanquished Creatures
  Robin (D:2)
  An adder (D:2)
  A bat (D:2)
  11 goblins
  A hobgoblin (D:2)
  3 jackals (D:1)
  2 kobolds (D:1)
20 creatures vanquished.

Notes
Turn   | Place    | Note
-------+----------+-------------------------------------------
     0 | D:1      | tidbits the Gnoll Earth Elementalist began the quest for the Orb.
     0 | D:1      | Reached XP level 1. HP: 13/13 MP: 6/6
    58 | D:1      | Reached skill level 2 in Transmutations
    75 | D:1      | Reached XP level 2. HP: 19/19 MP: 2/7
    79 | D:1      | Learned a level 2 spell: Passwall
   216 | D:2      | Reached XP level 3. HP: 25/25 MP: 1/9
   239 | D:2      | Noticed Robin
   249 | D:2      | Reached skill level 5 in Spellcasting
   253 | D:2      | Killed Robin
   260 | D:2      | Reached skill level 1 in Invocations
   282 | D:2      | Quit the game

Skill      XL: |  1  2  3 |
---------------+----------+-----
Transmutations | 2 |  2.1
Spellcasting   | 5 |  5.0
Invocations    | 1 |  1.0
Fighting       | |  0.8
Short Blades   | |  0.8
Long Blades    | |  0.8
Axes           | |  0.8
Maces & Flails | |  0.8
Polearms       | |  0.8
Staves         | |  0.8
Slings         | |  0.8
Bows           | |  0.8
Crossbows      | |  0.8
Throwing       | |  0.8
Armour         | |  0.8
Dodging        | |  4.5
Stealth        | |  4.1
Shields        | |  0.8
Unarmed Combat | |  0.8
Conjurations   | |  0.5
Hexes          | |  0.5
Charms         | |  0.5
Summonings     | |  0.5
Necromancy     | |  0.5
Translocations | |  0.5
Fire Magic     | |  0.5
Ice Magic      | |  0.5
Air Magic      | |  0.5
Earth Magic    | |  5.4
Poison Magic   | |  0.5
Evocations     | |  0.8

Action                   || total
-------------------------++-------
Melee: Unarmed           ||     1
       Hand axe          ||    31
       Bite              ||     1
 Cast: Sandblast         ||    22
  Use: Scroll            ||     1
       Potion            ||     1
Armor: Robe              ||     8
Dodge: Dodged            ||    30

Table legend:
 A = Turns spent in this place as a percentage of turns spent in the entire game.
 B = Non-inter-level travel turns spent in this place as a percentage of non-inter-level travel turns spent in the entire game.
 C = Inter-level travel turns spent in this place as a percentage of turns spent in this place.
 D = Turns resting spent in this place as a percentage of non-inter-level travel turns spent in this place.
 E = Turns spent auto-exploring this place as a percentage of non-inter-level travel turns spent in this place.
 F = Non-inter-level travel turns spent in this place divided by the number of levels of this place that you've seen.
                   A       B       C       D       E      F
               +-------+-------+-------+-------+-------+----------------------
         Total | 100.0 | 100.0 |   0.0 |   0.0 |   0.0 | 141.0
       Dungeon | 100.0 | 100.0 |   0.0 |   0.0 |   0.0 | 141.0
               +-------+-------+-------+-------+-------+----------------------

Table legend:
 A = Kills in this place as a percentage of kills in entire the game.
 B = Kills by you in this place as a percentage of kills by you in the entire game.
 C = Kills by friends in this place as a percentage of kills by friends in the entire game.
 D = Other kills in this place as a percentage of other kills in the entire game.
 E = Experience gained in this place as a percentage of experience gained in the entire game.
 F = Experience gained in this place divided by the number of levels of this place that you have seen.
                   A       B       C       D       E      F
               +-------+-------+-------+-------+-------+----------------------
         Total | 100.0 | 100.0 |   N/A |   N/A | 100.0 |  32.0
       Dungeon | 100.0 | 100.0 |   N/A |   N/A | 100.0 |  32.0
               +-------+-------+-------+-------+-------+----------------------

Vault maps used:
D:1:      scummos_arrival_checkerplants
D:2:      cheibrodos_old_hovel, old_standard_altar, lemuel_round_altar,
          amethyst_overflow_temple_binary, first_ration, uniq_robin
